 Dungeon Crawl Stone Soup version 0.25.0-37-gb73750e0fb (webtiles) character file.

Game seed: 15437233354610416309

21542 xccam the Dancer (level 12, -7/82 HPs)
             Began as an Octopode Assassin on July 8, 2020.
             Was an Elder of Uskayaw.
             Mangled by a five-headed hydra (12 damage)
             ... on level 12 of the Dungeon.
             The game lasted 00:15:45 (12175 turns).

xccam the Dancer (Octopode Assassin)               Turns: 12175, Time: 00:15:47

Health: -7/82      AC: 12    Str: 10    XL:     12   Next: 91%
Magic:  22/22      EV: 20    Int: 13    God:    Uskayaw [****..]
Gold:   530        SH:  5    Dex: 19    Spells: 11/11 levels left

rFire    . . .     SeeInvis +   w - +7 dagger (protect)
rCold    . . .     Gourm    .   N - +0 buckler
rNeg     . . .     Faith    +   I - +0 hat {SInv}
rPois    .         Spirit   .   E - amulet of faith
rElec    .         Reflect  .   u - +4 ring of protection
rCorr    .         Harm     .   J - ring of wizardry
MR       .....                  (no ring)
Stlth    +++++.....             (no ring)
HPRegen  0.23/turn              (no ring)
MPRegen  0.18/turn              (no ring)
                                (no ring)
                                (no ring)

@: protection aura, very slightly contaminated
A: almost no armour, stealthy swim, amphibious, 8 rings, constrict 8, camouflage
1, gelatinous body 1
a: Stomp, Line Pass, Renounce Religion


You were on level 12 of the Dungeon.
You worshipped Uskayaw.
Uskayaw was pleased with you.
You were very hungry.

You visited 2 branches of the dungeon, and saw 13 of its levels.
You also visited: Sewer.

You collected 530 gold pieces.

Inventory:

Hand Weapons
 a - a +2 dagger
 h - a +1 short sword of venom
 w - a +7 dagger of protection (weapon)
Missiles
 b - 26 poisoned darts (quivered)
Armour
 I - a +0 hat of see invisible (worn)
 N - a +0 buckler (worn)
Jewellery
 u - a +4 ring of protection (left tentacle)
 E - an amulet of faith (around mantle)
 J - a ring of wizardry (right tentacle)
 L - a +6 ring of dexterity
Wands
 p - a wand of clouds (5)
 v - a wand of iceblast (5)
 A - a wand of enslavement (8)
 C - a wand of paralysis (11)
 F - a wand of acid (6)
Scrolls
 f - 3 scrolls of magic mapping {unknown}
 i - 7 scrolls of teleportation
 j - a scroll of blinking
 l - 2 scrolls of amnesia {unknown}
 o - 4 scrolls of enchant weapon
 y - 2 scrolls of remove curse
 z - a scroll of immolation {unknown}
 B - 2 scrolls of fear {unknown}
 G - a scroll of summoning {unknown}
 H - a scroll of fog {unknown}
 M - a scroll of enchant armour {unknown}
Potions
 e - 2 potions of cancellation
 g - 3 potions of heal wounds
 k - 5 potions of brilliance
 m - 2 potions of stabbing
 n - 2 potions of invisibility
 q - a potion of mutation {unknown}
 r - a potion of ambrosia {unknown}
 s - 3 potions of might
 t - a potion of curing
 x - 2 potions of lignification
 D - a potion of degeneration {unknown}
 K - a potion of haste {unknown}
Comestibles
 d - 27 rations


   Skills:
 - Level 8.0 Fighting
 - Level 10.0 Short Blades
 - Level 2.0 Throwing
 - Level 9.0 Dodging
 - Level 8.0 Stealth
 * Level 2.5 Shields
 + Level 14.5 Invocations


You had 11 spell levels left.
You didn't know any spells.
Your spell library contained the following spells:

 Spells                   Type           Power        Failure   Level  Hunger
 Animate Skeleton         Necr           N/A          16%         1    ##.....
 Freeze                   Ice            #...         16%         1    ##.....
 Pain                     Necr           #...         16%         1    ##.....
 Slow                     Hex            #.......     22%         2    ###....
 Ignite Poison            Fire/Tmut/Pois #.......     38%         3    ####...
 Ozocubu's Armour         Chrm/Ice       #.......     38%         3    ####...
 Vampiric Draining        Necr           #.........   38%         3    ####...
 Animate Dead             Necr           N/A          78%         4    #####..
 Agony                    Necr           #.......     98%         5    ######.
 Fireball                 Conj/Fire      #.........   98%         5    ######.
 Darkness                 Hex            #.........   100%        6    #######
 Starburst                Conj/Fire      #.........   100%        6    #######
 Ring of Flames           Chrm/Fire      #.........   100%        7    #######
 Discord                  Hex            #.........   100%        8    #######
 Ignition                 Fire           #.........   100%        8    #######


Dungeon Overview and Level Annotations

Branches:
Dungeon (12/15)            Temple (1/1) D:4            Lair (0/6) D:11
    Orc (0/2) D:10          Sewer (visited)

Altars:
Ashenzari
Cheibriados
Dithmenos
Elyvilon
Fedhas
Gozag
Hepliaklqana
Kikubaaqudgha
Makhleb
Nemelex Xobeh
Okawaru
Qazlal
Ru
Sif Muna
Trog
Uskayaw
Vehumet
Wu Jian
Xom
Yredelemnul
Zin
The Shining One

Shops:
D:7 (   D:9 (   D:10 }


Innate Abilities, Weirdness & Mutations

You cannot wear most types of armour.
You are very stealthy in the water. (Stealth+)
You are amphibious.
You can wear up to eight rings at the same time.
You can use your tentacles to constrict eight enemies at once.
Your skin changes colour to match your surroundings (Stealth+).
Your rubbery body absorbs attacks. (AC +1, EV +1)


Message History

Press: ? - help, Dir - move target cursor, p - five-headed hydra
As you read the scroll of blinking, it crumbles to dust.
Evoke which item? (* to show all) (? for menu, Esc to quit)
Aiming: Iceblast
Press: ? - help, Shift-Dir - straight line, f - five-headed hydra
Aim: a five-headed hydra (severely wounded)
The mass of ice explodes!
The iceblast engulfs the five-headed hydra!
The five-headed hydra is almost dead.
Evoke which item? (* to show all) (? for menu, Esc to quit)
Aiming: Iceblast
Press: ? - help, Shift-Dir - straight line, p - five-headed hydra The mass of ice explodes!
The iceblast engulfs the five-headed hydra!
The five-headed hydra is almost dead.
The five-headed hydra barely misses you.
The five-headed hydra bites you!
* * * LOW HITPOINT WARNING * * *
The five-headed hydra bites you!
You die...

############
#...@......#
###D######.#
#.# #.# #§#
#.# #§#
#.##.#
#§#.#.##.#
#§#.#.##.#
#.#.#.##.#
......#
#.#.#.##.#
......+


You could see a five-headed hydra.

Vanquished Creatures
  Gastronok (D:8)
  An ettin (D:12)
  Harold (D:8)
  Erolcha (D:9)
  A centaur warrior (D:12)
  The ghost of harkrass the Blocker, a novice MiFi of Gozag (D:8)
  2 two-headed ogres
  An unseen horror (D:10)
  Pikel (D:8)
  A deep elf mage (D:12)
  A cyclops (D:12)
  A moth of wrath (D:8)
  Joseph (D:7)
  Maggie (D:7)
  2 trolls (D:12)
  A tengu conjurer (D:12)
  5 slime creatures (D:12)
  A hippogriff (D:10)
  A vampire (D:10)
  A spriggan (D:10)
  A wraith (D:12)
  9 yaks
  3 wyverns
  A steam dragon (D:7)
  A vampire mosquito (D:12)
  2 basilisks (D:11)
  A hungry ghost (D:12)
  4 wargs (D:10)
  3 porcupines (D:11)
  5 orc warriors
  3 sky beasts
  3 slaves (D:8)
  2 ice beasts
  A black bear (D:8)
  2 necrophages
  A phantom (D:12)
  5 ogres
  6 centaurs
  5 crocodiles
  3 big kobolds
  14 bullfrogs
  5 scorpions
  8 wights
  2 howler monkeys
  An electric eel (D:10)
  5 crimson imps
  7 hounds
  A bullfrog zombie (D:10)
  3 jellies
  11 orc wizards
  An orc priest (D:4)
  10 bullfrog skeletons
  3 centaur skeletons
  2 gnoll shamans
  Ijyb (D:3)
  Terence (D:2)
  10 iguanas
  7 worker ants
  7 hound skeletons
  2 hound zombies
  8 gnolls
  2 howler monkey skeletons
  13 adders
  2 shadow imps
  13 oozes (Sewer)
  2 adder zombies
  An adder skeleton (D:3)
  3 worms
  A dart slug (D:1)
  13 leopard geckos
  40 orcs
  9 giant cockroaches
  8 goblins
  13 hobgoblins
  7 jackals
  5 quokkas
  14 ball pythons
  3 bats (D:1)
  8 frilled lizards
  26 kobolds
  A leopard gecko skeleton (D:6)
  3 leopard gecko zombies
  A quokka skeleton (D:4)
  6 rats
390 creatures vanquished.

Notes
Turn   | Place    | Note
-------+----------+-------------------------------------------
     0 | D:1      | xccam the Octopode Assassin began the quest for the Orb.
     0 | D:1      | Reached XP level 1. HP: 14/14 MP: 1/1
   440 | D:1      | Reached XP level 2. HP: 19/19 MP: 2/2
   617 | D:1      | Reached XP level 3. HP: 24/24 MP: 3/3
   929 | D:2      | Noticed Terence
   939 | D:2      | Killed Terence
   939 | D:2      | Reached XP level 4. HP: 17/29 MP: 4/4
  1856 | D:3      | HP: 1/29 [jackal (3)]
  2249 | D:3      | Reached skill level 5 in Short Blades
  2249 | D:3      | Reached XP level 5. HP: 34/34 MP: 5/5
  2634 | D:3      | Noticed Ijyb
  2704 | D:3      | Killed Ijyb
  2704 | D:3      | Reached XP level 6. HP: 22/39 MP: 6/6
  3303 | D:4      | Noticed an orc warrior
  3315 | D:4      | Killed an orc warrior
  3315 | D:4      | Reached XP level 7. HP: 46/46 MP: 7/7
  3581 | D:4      | Found a staircase to the Ecumenical Temple.
  3591 | Temple   | Entered the Ecumenical Temple
  3649 | Temple   | Became a worshipper of Uskayaw the Reveler
  3685 | D:4      | Found a glowing drain.
  3698 | Sewer    | Entered a sewer
  3711 | Sewer    | Reached * piety under Uskayaw
  3718 | Sewer    | Reached ** piety under Uskayaw
  3749 | Sewer    | Reached *** piety under Uskayaw
  3803 | Sewer    | Reached **** piety under Uskayaw
  3965 | Sewer    | Reached skill level 1 in Invocations
  3967 | Sewer    | Reached XP level 8. HP: 44/52 MP: 7/9
  4221 | D:5      | Entered Level 5 of the Dungeon
  4231 | D:5      | Reached skill level 2 in Invocations
  4824 | D:5      | Reached skill level 3 in Invocations
  5242 | D:6      | Reached skill level 5 in Dodging
  5375 | D:6      | Identified the Papyrus of the Captivating Glacier
  5704 | D:6      | Reached XP level 9. HP: 55/56 MP: 11/11
  5754 | D:6      | Reached skill level 4 in Invocations
  6228 | D:7      | Noticed Joseph
  6230 | D:7      | Killed Joseph
  6269 | D:7      | Reached skill level 5 in Invocations
  6441 | D:7      | Noticed Maggie
  6442 | D:7      | Killed Maggie
  6541 | D:7      | Reached skill level 6 in Invocations
  6803 | D:7      | Found a bloodstained altar of Trog.
  6839 | D:7      | Found Nierum's Antique Weapon Shoppe.
  6929 | D:8      | Found a transporter.
  6932 | D:8      | Noticed harkrass's ghost (novice MiFi)
  6988 | D:8      | Found a transporter.
  6990 | D:8      | Reached XP level 10. HP: 63/63 MP: 14/14
  6996 | D:8      | Noticed a moth of wrath
  7054 | D:8      | Noticed Gastronok
  7071 | D:8      | Killed Gastronok
  7071 | D:8      | Reached skill level 10 in Short Blades
  7071 | D:8      | Reached skill level 7 in Invocations
  7218 | D:8      | Noticed Harold
  7224 | D:8      | Killed Harold
  7224 | D:8      | Reached skill level 8 in Invocations
  7230 | D:8      | Noticed Pikel
  7244 | D:8      | Killed Pikel
  7482 | D:8      | Killed a moth of wrath
  7482 | D:8      | Reached skill level 9 in Invocations
  7482 | D:8      | Reached XP level 11. HP: 67/67 MP: 17/17
  7484 | D:8      | Killed harkrass's ghost
  7484 | D:8      | Reached ***** piety under Uskayaw
  7495 | D:8      | Reached ****** piety under Uskayaw
  7640 | D:9      | Reached skill level 5 in Fighting
  7686 | D:9      | Reached skill level 10 in Invocations
  7894 | D:9      | Noticed a two-headed ogre
  7905 | D:9      | Killed a two-headed ogre
  7996 | D:9      | Found Wuesm's Weapon Boutique.
  8214 | D:9      | Noticed Erolcha
  8230 | D:9      | Killed Erolcha
  8311 | D:10     | Entered Level 10 of the Dungeon
  8433 | D:10     | Found a staircase to the Orcish Mines.
  8451 | D:10     | Reached skill level 11 in Invocations
  8704 | D:10     | Noticed an unseen horror
  8717 | D:10     | Killed an unseen horror
  9099 | D:10     | Found Xoshreran's Gadget Shop.
  9596 | D:11     | Reached XP level 12. HP: 82/82 MP: 20/20
  9665 | D:11     | Found a staircase to the Lair.
  9715 | D:11     | Reached skill level 12 in Invocations
 10995 | D:12     | Noticed a two-headed ogre
 11009 | D:12     | Reached skill level 13 in Invocations
 11019 | D:12     | Killed a two-headed ogre
 11047 | D:12     | Noticed a centaur warrior
 11363 | D:12     | Killed a centaur warrior
 11363 | D:12     | Reached skill level 14 in Invocations
 11420 | D:12     | Noticed an ettin
 11446 | D:12     | Killed an ettin
 11632 | D:12     | Noticed a rakshasa
 11998 | D:12     | Reached skill level 1 in Shields
 12137 | D:12     | Noticed a five-headed hydra
 12175 | D:12     | Mangled by a five-headed hydra

Illustrated notes

Levels and vault maps discovered:
D:1:      nzn_arrival_depleted_hourglass, layout_rooms
D:2:      layout_basic, uniq_terence
D:3:      layout_rooms, serial_undead, serial_undead_a, serial_undead_e,
          serial_undead_c, serial_undead_a, serial_undead_d, serial_undead_f,
          serial_undead_c, uniq_ijyb
D:4:      corexii_shack_village, layout_rooms, minmay_temple_entry_grid,
          cheibrodos_sewer_entry_bend, guppyfry_early_lair_pool
D:5:      layout_basic, first_ration
D:6:      layout_layer_cave, minmay_checkerbox
D:7:      layout_basic, bloody_trog, serial_shops, kennysheep_little_box,
          uniq_maggie, uniq_joseph
D:8:      layout_loops_cross, gammafunk_ghost_berserking_beasts, uniq_pikel,
          uniq_gastronok, uniq_harold
D:9:      layout_gridville, serial_shops, shop, uniq_erolcha
D:10:     layout_basic, minmay_orc_entry_guard_dogs, serial_shops, shop,
          the_bakery
D:11:     layout_irregular_city, minmay_lair_entry_grove
D:12:     minmay_expanding_squares, layout_basic
Temple:   nicolae_temple_the_god_donut

Skill      XL: |  1  2  3  4  5  6  7  8  9 10 11 12 |
---------------+-------------------------------------+-----
Short Blades   | 3 4 5 6 7 8 9 10 | 10.0
Dodging        | 2 4 5 7 9 |  9.0
Fighting       | 3 7 8 |  8.0
Invocations    | 1 3 6 9 11 14 | 14.5
Stealth        | 7 8 |  8.0
Shields        | 2 |  2.5
Throwing       | |  2.0

Action                   |  1- 3 |  4- 6 |  7- 9 | 10-12 || total
-------------------------+-------+-------+-------+-------++-------
Melee: Dagger            |    28 |    42 |   292 |   526 ||   888
       Constrict         |    11 |    31 |    52 |    54 ||   148
       Tentacles         |     8 |    29 |    50 |   123 ||   210
       Short sword       |    19 |    95 |       |       ||   114
Throw: Dart              |       |     4 |       |     9 ||    13
Invok: Stomp             |       |       |       |     2 ||     2
Evoke: Wand              |       |       |       |     9 ||     9
  Use: Potion            |       |     1 |       |     2 ||     3
       Scroll            |       |     4 |     4 |     5 ||    13
 Stab: Sleeping          |     7 |    12 |    42 |    25 ||    86
       Distracted        |       |     1 |       |     4 ||     5
       Paralysed         |       |       |    14 |    44 ||    58
       Invisible         |       |       |       |     3 ||     3
  Eat: Chunk             |       |     7 |    12 |    16 ||    35
Armor: Skin              |     5 |    28 |    52 |    49 ||   134
Dodge: Dodged            |    25 |    85 |   130 |   243 ||   483
Block: Buckler           |       |       |       |    12 ||    12
